AoeStats
← 云层贩卖心动

Arena

509085143Analyzed
1v1 RM · 8d ago on Sep 25, 2026· 35m 19s· 2 players
Game mode
Random Map
Map size
Tiny (2 player)
Population
200
Speed
Normal
Resources
Standard
Victory
Conquest
Starting age
Dark Age
Ending age
Imperial Age
RankedLock teamsTeams togetherTeam positionsShared explorationLock speedFull tech treeHidden civsTurbo modeCheats
Victory
Defeat
🇨🇳 Koreans · China
1002
+33
🇷🇴 Byzantines · Romania
991
-15
Razvaldo
10:33 Feudal Age
16:25 Castle Age
14:40 Double-Bit Axe
26:14 Treadmill Crane
26:30 Gold Mining
29:18 Imperial Age
28:20 Wheelbarrow
27:31 Loom
28:04 Bow Saw
28:25 Stone Mining
28:23 Pikeman
29:35 Horse Collar
31:11 Chemistry
31:47 Elite Skirmisher
32:30 Padded Archer Armor
32:20 Fletching
云层贩卖心动
10:46 Feudal Age
14:31 Castle Age
12:42 Double-Bit Axe
20:30 Horse Collar
21:05 Bow Saw
21:12 Gold Mining
24:29 Wheelbarrow
24:00 Heavy Plow
26:50 Gold Shaft Mining
26:06 Stone Mining
27:02 Hand Cart
26:32 Town Watch
29:32 Imperial Age
26:45 Elite Skirmisher
27:50 Ballistics
27:22 Fletching
28:08 Hand Cart
28:51 Thumb Ring
29:53 Stone Shaft Mining
29:16 Bodkin Arrow
31:01 Conscription
30:44 Bracer
31:46 Chemistry
30:47 Devotion
32:12 Two-Man Saw
34:20 Heavy Cavalry Archer
35:57 Scale Mail Armor
36:07 Forging
Connection lost

Rejoining the realm…

Still unreachable

The connection could not be restored.

Session expired

The server has moved on; the page needs a fresh start.